PL
ATLANTA SMOKE @ BUCKHEAD BOWTIES
08/15/2021
 
TOP OF THE 1ST
Atlanta Smoke batting - Pitching for Buckhead Bowties : LHP Chester Henry
Pitching: LHP Chester Henry
Batting: LHB Albert Morán 0-0: Ball
1-0: Ball
2-0: Foul Ball, location: 2F
2-1: Swinging Strike
2-2: Strikes out swinging
Batting: RHB Cale Sutton 0-0: Ground out 1-3 (Groundball, 25)
Batting: RHB Bob Campbell 0-0: SOLO HOME RUN (Flyball, 78XD), Distance : 434 ft
Batting: LHB Mike Silver 0-0: Foul Ball, location: 2F
0-1: Ball
1-1: Foul Ball, location: 2F
1-2: Ball
2-2: Ball
3-2: Foul Ball, location: 2F
3-2: Base on Balls
Batting: LHB Armando Esparza 0-0: Called Strike
0-1: Ball
1-1: Ball
2-1: Ball
3-1: Called Strike
Mike Silver steals 2nd base
3-2: Base on Balls
Batting: RHB Nathan Horton 0-0: Fly out, F7 (Flyball, 7D)
Top of the 1st over - 1 run(s), 1 hit(s), 0 error(s), 2 left on base; Atlanta 1 - Buckhead 0
BOTTOM OF THE 1ST
Buckhead Bowties batting - Pitching for Atlanta Smoke : LHP José Flores
Pitching: LHP José Flores
Batting: RHB John Downing 0-0: Called Strike
0-1: Swinging Strike
0-2: Ball
1-2: Strikes out swinging
Batting: LHB Neil Lawson 0-0: Called Strike
0-1: Ball
1-1: Foul Ball, location: 2F
1-2: Foul Ball, location: 2F
1-2: Strikes out swinging
Batting: LHB Min-heui Im 0-0: Fly out, F4 (Popup, 4)
Bottom of the 1st over - 0 run(s), 0 hit(s), 0 error(s), 0 left on base; Atlanta 1 - Buckhead 0
TOP OF THE 2ND
Atlanta Smoke batting - Pitching for Buckhead Bowties : LHP Chester Henry
Batting: RHB Chae-hyeong Kim 0-0: Called Strike
0-1: Called Strike
0-2: Strikes out swinging
Batting: RHB Daniel Rose 0-0: Foul Ball, location: 2F
0-1: Swinging Strike
0-2: Ball
1-2: Strikes out swinging
Batting: LHB Mike Blue 0-0: Ball
1-0: Fly out, F7 (Flyball, 7M)
Top of the 2nd over - 0 run(s), 0 hit(s), 0 error(s), 0 left on base; Atlanta 1 - Buckhead 0
BOTTOM OF THE 2ND
Buckhead Bowties batting - Pitching for Atlanta Smoke : LHP José Flores
Batting: RHB Chandler Bailey 0-0: Foul Ball, location: 2F
0-1: Called Strike
0-2: Strikes out swinging
Batting: RHB Gabriel Rodríguez 0-0: Fly out, F6 (Popup, 6D)
Batting: RHB Dave King 0-0: Foul Ball, location: 2F
0-1: Swinging Strike
0-2: Ball
1-2: Strikes out swinging
Bottom of the 2nd over - 0 run(s), 0 hit(s), 0 error(s), 0 left on base; Atlanta 1 - Buckhead 0
TOP OF THE 3RD
Atlanta Smoke batting - Pitching for Buckhead Bowties : LHP Chester Henry
Batting: LHB Albert Morán 0-0: Called Strike
0-1: Swinging Strike
0-2: Foul Ball, location: 2F
0-2: Ball
1-2: Strikes out swinging, 2-3 out at first.
Batting: RHB Cale Sutton 0-0: Called Strike
0-1: Called Strike
0-2: Ball
1-2: Strikes out looking
Batting: RHB Bob Campbell 0-0: Ball
1-0: Foul Ball, location: 2F
1-1: Foul Ball, location: 2F
1-2: Foul Ball, location: 2F
1-2: Ball
2-2: Fly out, F9 (Flyball, 9LD)
Top of the 3rd over - 0 run(s), 0 hit(s), 0 error(s), 0 left on base; Atlanta 1 - Buckhead 0
BOTTOM OF THE 3RD
Buckhead Bowties batting - Pitching for Atlanta Smoke : LHP José Flores
Batting: RHB Domingo García 0-0: Called Strike
0-1: Foul Ball, location: 2F
0-2: Strikes out swinging
Batting: RHB Pedro Morales 0-0: Called Strike
0-1: DOUBLE (Line Drive, 5L)
Batting: RHB Aaron Phillips 0-0: Ball
1-0: Called Strike
1-1: Foul Ball, location: 2F
1-2: Ball
2-2: Fly out, F8 (Flyball, 78M)
Batting: RHB John Downing 0-0: Ball
1-0: Ball
2-0: Ball
3-0: Base on Balls
Batting: LHB Neil Lawson 0-0: Called Strike
0-1: Ball
1-1: Ball
2-1: Ground out 4-3 (Groundball, 4)
Bottom of the 3rd over - 0 run(s), 1 hit(s), 0 error(s), 2 left on base; Atlanta 1 - Buckhead 0
TOP OF THE 4TH
Atlanta Smoke batting - Pitching for Buckhead Bowties : LHP Chester Henry
Batting: LHB Mike Silver 0-0: Fly out, F7 (Flyball, 7S)
Batting: LHB Armando Esparza 0-0: Foul Ball, location: 2F
0-1: Ball
1-1: Foul Ball, location: 2F
1-2: Ball
2-2: Strikes out swinging
Batting: RHB Nathan Horton 0-0: Ball
1-0: Ball
2-0: Called Strike
2-1: Ball
3-1: Called Strike
3-2: Fly out, F9 (Flyball, 9S)
Top of the 4th over - 0 run(s), 0 hit(s), 0 error(s), 0 left on base; Atlanta 1 - Buckhead 0
BOTTOM OF THE 4TH
Buckhead Bowties batting - Pitching for Atlanta Smoke : LHP José Flores
Batting: LHB Min-heui Im 0-0: Called Strike
0-1: Foul Ball, location: 2F
0-2: Ground out 4-3 (Groundball, 13)
Batting: RHB Chandler Bailey 0-0: Ball
1-0: Called Strike
1-1: Called Strike
1-2: Ball
2-2: Foul Ball, location: 2F
2-2: Strikes out looking
Batting: RHB Gabriel Rodríguez 0-0: Ball
1-0: DOUBLE (Groundball, 3L)
Batting: RHB Dave King 0-0: Ball
1-0: Ball
2-0: Foul Ball, location: 2F
2-1: DOUBLE (Line Drive, 5D)
Gabriel Rodríguez scores
Batting: RHB Domingo García 0-0: Called Strike
0-1: Foul Ball, location: 2F
0-2: Strikes out looking
Bottom of the 4th over - 1 run(s), 2 hit(s), 0 error(s), 1 left on base; Atlanta 1 - Buckhead 1
TOP OF THE 5TH
Atlanta Smoke batting - Pitching for Buckhead Bowties : LHP Chester Henry
Batting: RHB Chae-hyeong Kim 0-0: Ground out 6-3 (Groundball, 6M)
Batting: RHB Daniel Rose 0-0: DOUBLE (Line Drive, 9LS)
Batting: LHB Mike Blue 0-0: Ball
1-0: Ball
2-0: Fly out, F4 (Line Drive, 4)
2-0: Lined into DP, 4-6 (Line Drive, 4)
Top of the 5th over - 0 run(s), 1 hit(s), 0 error(s), 0 left on base; Atlanta 1 - Buckhead 1
BOTTOM OF THE 5TH
Buckhead Bowties batting - Pitching for Atlanta Smoke : LHP José Flores
Batting: RHB Pedro Morales 0-0: Ball
1-0: Called Strike
1-1: Ball
2-1: Swinging Strike
2-2: SINGLE (Line Drive, 9LS)
Batting: RHB Aaron Phillips 0-0: Ball
1-0: Called Strike
1-1: Foul Ball, location: 2F
1-2: Ball
2-2: Ball
Pedro Morales steals 2nd base
3-2: Foul Ball, location: 2F
3-2: Foul Ball, location: 2F
3-2: Foul Ball, location: 2F
3-2: SINGLE (Groundball, 56D)
Pedro Morales to third
Runner from 3rd tries for Home, SAFE, no throw or cutoff
Batting: RHB John Downing 0-0: Called Strike
0-1: SINGLE (Line Drive, 7LS)
Aaron Phillips to second
Batting: LHB Neil Lawson 0-0: Ball
1-0: Ball
2-0: Called Strike
2-1: Bunted foul
2-2: Ball
3-2: Foul Ball, location: 2F
3-2: Foul Ball, location: 2F
3-2: Foul Ball, location: 2F
3-2: Fly out, F9 (Flyball, 9M)
Batting: LHB Min-heui Im 0-0: Ball
1-0: Called Strike
1-1: Ball
2-1: Ball
3-1: Base on Balls
Aaron Phillips to third
John Downing to second
Batting: RHB Chandler Bailey 0-0: Ball
1-0: Grounds into double play, 5-4-3 (Groundball, 56)
Bottom of the 5th over - 1 run(s), 3 hit(s), 0 error(s), 2 left on base; Atlanta 1 - Buckhead 2
TOP OF THE 6TH
Atlanta Smoke batting - Pitching for Buckhead Bowties : LHP Chester Henry
Batting: LHB Albert Morán 0-0: Foul Ball, location: 2F
0-1: Swinging Strike
0-2: Ball
1-2: Ball
2-2: Ground out 4-3 (Groundball, 4)
Batting: RHB Cale Sutton 0-0: Ball
1-0: Foul Ball, location: 2F
1-1: Foul Ball, location: 2F
1-2: Strikes out swinging
Batting: RHB Bob Campbell 0-0: Foul Ball, location: 2F
0-1: Ball
1-1: Ground out 5-3 (Groundball, 56)
Top of the 6th over - 0 run(s), 0 hit(s), 0 error(s), 0 left on base; Atlanta 1 - Buckhead 2
BOTTOM OF THE 6TH
Buckhead Bowties batting - Pitching for Atlanta Smoke : LHP José Flores
Batting: RHB Gabriel Rodríguez 0-0: Called Strike
0-1: Swinging Strike
0-2: Strikes out swinging
Batting: RHB Dave King 0-0: Called Strike
0-1: Ball
1-1: Ground out 4-3 (Groundball, 4)
Batting: RHB Domingo García 0-0: Fly out, F9 (Flyball, 9M)
Bottom of the 6th over - 0 run(s), 0 hit(s), 0 error(s), 0 left on base; Atlanta 1 - Buckhead 2
TOP OF THE 7TH
Atlanta Smoke batting - Pitching for Buckhead Bowties : LHP Chester Henry
Batting: LHB Mike Silver 0-0: Foul Ball, location: 2F
0-1: Ball
1-1: Ball
2-1: SINGLE (Groundball, 34)
Batting: LHB Armando Esparza 0-0: Called Strike
0-1: Ball
1-1: Ball
2-1: Foul Ball, location: 2F
2-2: Foul Ball, location: 2F
2-2: Fly out, F7 (Flyball, 7S)
Batting: RHB Nathan Horton 0-0: Ball
1-0: Ball
Mike Silver steals 2nd base
2-0: SINGLE (Line Drive, 78S)
Mike Silver to third
Runner from 3rd tries for Home, SAFE, no throw or cutoff
Batting: RHB Chae-hyeong Kim 0-0: Called Strike
0-1: Ball
1-1: Ball
2-1: Swinging Strike
2-2: Strikes out looking
Batting: RHB Daniel Rose 0-0: Called Strike
0-1: Ball
1-1: Foul Ball, location: 2F
1-2: Foul Ball, location: 2F
1-2: Fly out, F3 (Popup, 3DF)
Top of the 7th over - 1 run(s), 2 hit(s), 0 error(s), 1 left on base; Atlanta 2 - Buckhead 2
BOTTOM OF THE 7TH
Buckhead Bowties batting - Pitching for Atlanta Smoke : LHP José Flores
Batting: RHB Pedro Morales 0-0: Ball
1-0: Called Strike
1-1: Fly out, F8 (Flyball, 8RM)
Batting: RHB Aaron Phillips 0-0: Ball
1-0: Foul Ball, location: 2F
1-1: SINGLE (Groundball, 56D)
Batting: RHB John Downing 0-0: Called Strike
0-1: Foul Ball, location: 2F
0-2: DOUBLE (Groundball, 5L)
Aaron Phillips to third
Batting: LHB Neil Lawson 0-0: Ball
1-0: Fly out, F7 (Flyball, 78M)
Runner from 3rd tags up, SCORES, throw made
Batting: LHB Min-heui Im 0-0: Called Strike
0-1: Ball
1-1: Ground out 6-3 (Groundball, 4M)
Bottom of the 7th over - 1 run(s), 2 hit(s), 0 error(s), 1 left on base; Atlanta 2 - Buckhead 3
TOP OF THE 8TH
Atlanta Smoke batting - Pitching for Buckhead Bowties : LHP Chester Henry
Batting: LHB Mike Blue 0-0: Foul Ball, location: 2F
0-1: Ball
1-1: Ball
2-1: SINGLE (Line Drive, 7S)
Batting: LHB Albert Morán 0-0: Ball
1-0: Bunted foul
1-1: Sac Bunt - play at second, runner OUT! 1-6
Batting: RHB Cale Sutton 0-0: Called Strike
0-1: Ball
1-1: Foul Ball, location: 2F
1-2: Strikes out swinging
Batting: RHB Bob Campbell 0-0: Called Strike
0-1: Called Strike
0-2: Strikes out looking
Top of the 8th over - 0 run(s), 1 hit(s), 0 error(s), 1 left on base; Atlanta 2 - Buckhead 3
BOTTOM OF THE 8TH
Buckhead Bowties batting - Pitching for Atlanta Smoke : LHP José Flores
Batting: RHB Chandler Bailey 0-0: Fly out, F7 (Flyball, 8LM)
Batting: RHB Gabriel Rodríguez 0-0: Fly out, F9 (Flyball, 89XD)
Batting: RHB Dave King 0-0: Called Strike
0-1: SINGLE (Line Drive, 89S)
Batting: RHB Domingo García 0-0: Ball
1-0: Ball
2-0: Ball
3-0: Base on Balls
Dave King to second
Batting: RHB Pedro Morales 0-0: Foul Ball, location: 2F
0-1: Ball
1-1: Swinging Strike
1-2: Ball
2-2: Foul Ball, location: 2F
2-2: Strikes out swinging
Bottom of the 8th over - 0 run(s), 1 hit(s), 0 error(s), 2 left on base; Atlanta 2 - Buckhead 3
TOP OF THE 9TH
Atlanta Smoke batting - Pitching for Buckhead Bowties : LHP Chester Henry
Pitching: RHP Mario Peña
Batting: LHB Mike Silver 0-0: Ball
1-0: Ball
2-0: Ball
3-0: Called Strike
3-1: Base on Balls
Batting: LHB Armando Esparza 0-0: Ball
1-0: Ball
2-0: Ball
3-0: Base on Balls
Mike Silver to second
Batting: RHB Nathan Horton 0-0: Ball
1-0: Sac Bunt - play at third, runner OUT! 1-6
Armando Esparza to second
Batting: RHB Chae-hyeong Kim 0-0: Ball
1-0: Foul Ball, location: 2F
1-1: Called Strike
1-2: Ball
2-2: Foul Ball, location: 2F
2-2: Foul Ball, location: 2F
2-2: Strikes out swinging
Batting: RHB Daniel Rose 0-0: Ball
1-0: Foul Ball, location: 2F
1-1: Swinging Strike
1-2: Ball
2-2: SINGLE (Flyball, 8LS)
Armando Esparza to third
Nathan Horton to second
Runner from 3rd tries for Home, SAFE, no throw or cutoff
Batting: LHB Mike Blue 0-0: Ball
1-0: Called Strike
1-1: Foul Ball, location: 2F
1-2: Foul Ball, location: 2F
1-2: Ball
2-2: Strikes out swinging
Top of the 9th over - 1 run(s), 1 hit(s), 0 error(s), 2 left on base; Atlanta 3 - Buckhead 3
BOTTOM OF THE 9TH
Buckhead Bowties batting - Pitching for Atlanta Smoke : LHP José Flores
Batting: RHB Aaron Phillips 0-0: Ball
1-0: Ball
2-0: SINGLE (Line Drive, 78M)
Batting: RHB John Downing 0-0: Ball
1-0: Grounds into double play, 4-6-3 (Groundball, 4)
Batting: LHB Neil Lawson 0-0: Called Strike
0-1: Foul Ball, location: 2F
0-2: Foul Ball, location: 2F
0-2: Foul Ball, location: 2F
0-2: Foul Ball, location: 2F
0-2: Foul Ball, location: 2F
0-2: Ball
1-2: Ball
2-2: Strikes out swinging
Bottom of the 9th over - 0 run(s), 1 hit(s), 0 error(s), 0 left on base; Atlanta 3 - Buckhead 3
TOP OF THE 10TH
Atlanta Smoke batting - Pitching for Buckhead Bowties : RHP Mario Peña
Batting: LHB Albert Morán 0-0: Called Strike
0-1: Called Strike
0-2: Strikes out swinging
Batting: RHB Cale Sutton 0-0: Called Strike
0-1: Ball
1-1: Ball
2-1: Ball
3-1: Base on Balls
Batting: RHB Bob Campbell 0-0: Called Strike
0-1: Ball
1-1: Called Strike
1-2: Foul Ball, location: 2F
1-2: Foul Ball, location: 2F
1-2: Strikes out looking
Batting: LHB Mike Silver 0-0: Ball
1-0: Foul Ball, location: 2F
1-1: Called Strike
1-2: Strikes out swinging
Top of the 10th over - 0 run(s), 0 hit(s), 0 error(s), 1 left on base; Atlanta 3 - Buckhead 3
BOTTOM OF THE 10TH
Buckhead Bowties batting - Pitching for Atlanta Smoke : LHP José Flores
Batting: LHB Min-heui Im 0-0: Called Strike
0-1: Ball
1-1: Called Strike
1-2: Fly out, F4 (Popup, 8RS)
Batting: RHB Chandler Bailey 0-0: Called Strike
0-1: Ball
1-1: DOUBLE (Line Drive, 7LS)
Pitching: RHP Fred Pitts
Batting: RHB Gabriel Rodríguez 0-0: Ball
1-0: Foul Ball, location: 2F
1-1: Foul Ball, location: 2F
1-2: Ball
2-2: Ball
3-2: Foul Ball, location: 2F
3-2: Foul Ball, location: 2F
3-2: Foul Ball, location: 2F
3-2: Ground out 6-3 (Groundball, 6)
Batting: RHB Dave King 0-0: Ball
1-0: Ball
2-0: Swinging Strike
2-1: Foul Ball, location: 2F
2-2: Strikes out swinging
Bottom of the 10th over - 0 run(s), 1 hit(s), 0 error(s), 1 left on base; Atlanta 3 - Buckhead 3
TOP OF THE 11TH
Atlanta Smoke batting - Pitching for Buckhead Bowties : RHP Mario Peña
Batting: LHB Armando Esparza 0-0: Ball
1-0: SINGLE (Flyball, 4MD)
Batting: RHB Nathan Horton 0-0: Bunt - Flyout! F2
Batting: RHB Chae-hyeong Kim 0-0: Ball
1-0: Called Strike
1-1: Fly out, F8 (Flyball, 89M)
Batting: RHB Daniel Rose 0-0: Ball
1-0: Called Strike
1-1: Foul Ball, location: 2F
1-2: Ball
2-2: Strikes out swinging
Top of the 11th over - 0 run(s), 1 hit(s), 0 error(s), 1 left on base; Atlanta 3 - Buckhead 3
BOTTOM OF THE 11TH
Buckhead Bowties batting - Pitching for Atlanta Smoke : RHP Fred Pitts
Pinch Hitting: LHB Tony Martínez 0-0: Called Strike
0-1: Ground out 4-3 (Groundball, 4)
Batting: RHB Pedro Morales 0-0: Ball
1-0: Ball
2-0: Ball
3-0: Called Strike
3-1: Foul Ball, location: 2F
3-2: Ground out 5-3 (Groundball, 5S)
Batting: RHB Aaron Phillips 0-0: Called Strike
0-1: Ball
1-1: Foul Ball, location: 2F
1-2: Fly out, F6 (Line Drive, 6)
Bottom of the 11th over - 0 run(s), 0 hit(s), 0 error(s), 0 left on base; Atlanta 3 - Buckhead 3
TOP OF THE 12TH
Atlanta Smoke batting - Pitching for Buckhead Bowties : RHP Mario Peña
Now at 2B: Joe Shaw
Batting: LHB Mike Blue 0-0: Ball
1-0: Foul Ball, location: 2F
1-1: Called Strike
1-2: Foul Ball, location: 2F
1-2: Fly out, F7 (Flyball, 78S)
Pitching: RHP Mike Lyon
Batting: LHB Albert Morán 0-0: Called Strike
0-1: Ball
1-1: Ball
2-1: Foul Ball, location: 2F
2-2: Foul Ball, location: 2F
2-2: Foul Ball, location: 2F
2-2: Ball
3-2: Ground out U3 (Groundball, 3)
Batting: RHB Cale Sutton 0-0: Foul Ball, location: 2F
0-1: Hit by Pitch
Batting: RHB Bob Campbell 0-0: Called Strike
0-1: Called Strike
0-2: Fly out, F8 (Flyball, 8RD)
Top of the 12th over - 0 run(s), 0 hit(s), 0 error(s), 1 left on base; Atlanta 3 - Buckhead 3
BOTTOM OF THE 12TH
Buckhead Bowties batting - Pitching for Atlanta Smoke : RHP Fred Pitts
Batting: RHB John Downing 0-0: Ball
1-0: Foul Ball, location: 2F
1-1: Ball
2-1: Ball
3-1: Fly out, F7 (Flyball, 7D)
Pitching: RHP Mike Farrell
Batting: LHB Neil Lawson 0-0: Foul Ball, location: 2F
0-1: SINGLE (Line Drive, 4D)
Batting: LHB Min-heui Im 0-0: Called Strike
Neil Lawson is caught stealing 2nd base
0-1: Ball
1-1: Swinging Strike
1-2: Ball
2-2: Foul Ball, location: 2F
2-2: Strikes out swinging
Bottom of the 12th over - 0 run(s), 1 hit(s), 0 error(s), 0 left on base; Atlanta 3 - Buckhead 3
TOP OF THE 13TH
Atlanta Smoke batting - Pitching for Buckhead Bowties : RHP Mike Lyon
Batting: LHB Mike Silver 0-0: Called Strike
0-1: Called Strike
0-2: SINGLE (Groundball, 6MD)
Batting: LHB Armando Esparza 0-0: Ball
1-0: Ball
2-0: Called Strike
2-1: Foul Ball, location: 2F
2-2: Foul Ball, location: 2F
2-2: Grounds into double play, 4-6-3 (Groundball, 4)
Batting: RHB Nathan Horton 0-0: Called Strike
0-1: Ball
1-1: Ball
2-1: Foul Ball, location: 2F
2-2: Foul Ball, location: 2F
2-2: Ball
3-2: Foul Ball, location: 2F
3-2: Ground out 6-3 (Groundball, 6M)
Top of the 13th over - 0 run(s), 1 hit(s), 0 error(s), 0 left on base; Atlanta 3 - Buckhead 3
BOTTOM OF THE 13TH
Buckhead Bowties batting - Pitching for Atlanta Smoke : RHP Mike Farrell
Batting: RHB Chandler Bailey 0-0: Ball
1-0: Ball
2-0: Ball
3-0: Base on Balls
Batting: RHB Gabriel Rodríguez 0-0: Ball
1-0: Called Strike
1-1: Grounds into double play, 6-4-3 (Groundball, 6)
Batting: RHB Dave King 0-0: Ball
1-0: Called Strike
1-1: Ball
2-1: Ball
3-1: Swinging Strike
3-2: Base on Balls
Pinch Hitting: RHB Enrique Marroquín 0-0: Ball
1-0: Ball
2-0: Called Strike
2-1: DOUBLE (Groundball, 5L)
Dave King to third
Runner from 3rd tries for Home, SAFE, no throw or cutoff
This league is powered by Out of the Park Baseball, the baseball management simulation game for PC, Mac and Linux
Friday, January 22nd, 2016 - OOTP Baseball 16.9 Build 39